 Dungeon Crawl Stone Soup version 0.23.1 (webtiles) character file.

Game seed: 17668942109785712691

264797 Norn the Warrior (level 20, -2/142 HPs)
             Began as a Gargoyle Gladiator on Mar 2, 2019.
             Was the Champion of Okawaru.
             Splashed by an acid dragon's acid (10 damage)
             ... on level 2 of the Vaults on Mar 3, 2019.
             The game lasted 02:15:51 (45037 turns).

Norn the Warrior (Gargoyle Gladiator)              Turns: 45037, Time: 02:15:51

Health: -2/142     AC: 37    Str: 23    XL:     20   Next: 5%
Magic:  22/22      EV: 16    Int: 11    God:    Okawaru [******]
Gold:   887        SH:  0    Dex: 21    Spells: 19/19 levels left

rFire    + . .     SeeInvis +   w - +5 great mace (holy)
rCold    . . .     Gourm    .   (shield currently unavailable)
rNeg     + . .     Faith    +   p - +0 plate armour {MR+}
rPois    ∞         Spirit   .   j - +0 helmet {SInv}
rElec    +         Reflect  .   P - scarf {repulsion}
rCorr    .         Harm     .   Y - +2 pair of gloves {Dex+3}
MR       ++...                  V - +0 pair of boots of Grace {Str-2 Dex+7 Slay+3}
Stlth    ..........             E - amulet of faith {!P}
HPRegen  0.33/turn              F - +2 ring of slaying
MPRegen  0.18/turn              i - ring of protection from fire

@: about to teleport, marked, corroded, flying, repel missiles
A: big wings, negative energy resistance 1, electricity resistance, unbreathing,
petrification resistance, rot immunity, AC +15
}: 2/15 runes: serpentine, barnacled
a: Stop Flying, Heroism, Finesse, Renounce Religion


You were on level 2 of the Vaults.
You worshipped Okawaru.
Okawaru was exalted by your worship.
You were not hungry.

You visited 6 branches of the dungeon, and saw 33 of its levels.
You also visited: Gauntlet.

You collected 2953 gold pieces.
You spent 2066 gold pieces at shops.

Inventory:

Hand Weapons
 b - a +5 blowgun
   (You took it off a minotaur in a Gauntlet)
 w - a +5 great mace of holy wrath (weapon)
   (You took it off an orc warlord on level 2 of the Orcish Mines)
Missiles
 k - 8 throwing nets (quivered) {!f}
 C - 124 poisoned needles
Armour
 j - a +0 helmet of see invisible (worn)
   (Okawaru gifted it to you on level 13 of the Dungeon)
 p - a +0 plate armour of magic resistance (worn)
   (You took it off a minotaur in a Gauntlet)
 B - the +9 pearl dragon scales "Wodel" {rPois rF+ rN+ Str+2 Int+4}
   (Okawaru gifted it to you on level 2 of the Snake Pit)

   It affects your strength (+2).
   It affects your intelligence (+4).
   It protects you from fire.
   It protects you from poison.
   It protects you from negative energy.
 K - the +2 cloak of Plasticity {rN+ Str+3}
   (You found it on level 8 of the Dungeon)

   It affects your strength (+3).
   It protects you from negative energy.
 L - a scarf of resistance
   (Okawaru gifted it to you on level 4 of the Snake Pit)
 M - a +1 crystal plate armour
   (Okawaru gifted it to you on level 11 of the Dungeon)
 P - a scarf of repulsion (worn)
   (You found it on level 9 of the Dungeon)
 V - the +0 pair of boots of Grace (worn) {Str-2 Dex+7 Slay+3}
   (You found it in a Gauntlet)

   It affects your strength (-2).
   It affects your dexterity (+7).
   It affects your accuracy and damage with ranged weapons and melee attacks
   (+3).
 Y - a +2 pair of gloves of dexterity (worn)
   (You bought it in a shop on level 3 of the Shoals)
Jewellery
 i - a ring of protection from fire (right hand)
   (You found it on level 1 of the Lair of Beasts)
 r - an uncursed ring of positive energy
   (You found it on level 1 of the Snake Pit)
 E - an amulet of faith (around neck) {!P}
   (You found it on level 7 of the Dungeon)
 F - a +2 ring of slaying (left hand)
   (You found it on level 2 of the Dungeon)
 J - the ring of Wookkitz {rElec rPois rF+ Str-3}
   (You found it on level 2 of the Orcish Mines)

   [ring of protection from fire]

   It affects your strength (-3).
   It protects you from fire.
   It insulates you from electricity.
   It protects you from poison.
 O - the brooch of Shielding {Reflect SH+8}
   (You found it on level 8 of the Dungeon)

   [amulet of reflection]

   It shields you and reflects attacks.
   It affects your SH (+8).
 S - an uncursed amulet of regeneration
   (You found it on level 15 of the Dungeon)
Wands
 d - a wand of iceblast (19)
   (You found it on level 5 of the Dungeon)
 g - a wand of scattershot (5)
   (You found it on level 3 of the Shoals)
 t - a wand of flame (69)
   (You took it off Ijyb on level 5 of the Dungeon)
 u - a wand of paralysis (10)
   (You found it on level 10 of the Dungeon)
 v - a wand of digging (12)
   (You found it on level 5 of the Lair of Beasts)
 x - a wand of acid (15)
   (You found it on level 9 of the Dungeon)
 y - a wand of clouds (8)
   (You found it on level 3 of the Lair of Beasts)
Scrolls
 a - a scroll of fog
 n - 15 scrolls of remove curse {@r2}
 q - a scroll of fear
 D - a scroll of identify {@r1}
 G - 6 scrolls of enchant weapon
 I - 5 scrolls of magic mapping
 N - 4 scrolls of enchant armour
 Q - a scroll of immolation {!r}
 T - 7 scrolls of teleportation {@r4}
Potions
 f - 6 potions of heal wounds {@q2}
 h - 6 potions of lignification {!q}
 l - 4 potions of ambrosia
 m - 15 potions of curing {@q1}
 o - 2 potions of invisibility
 s - 6 potions of berserk rage
 z - 6 potions of mutation {!q}
 A - 3 potions of might
 R - 8 potions of agility
 U - 6 potions of cancellation
 W - 6 potions of haste {@q3}
 X - 2 potions of resistance
 Z - a potion of brilliance
Miscellaneous
 H - a fan of gales
   (You found it in a Gauntlet)
Comestibles
 c - a chunk of flesh
 e - 49 rations {!d}


   Skills:
 + Level 20.7 Fighting
 - Level 20.0 Maces & Flails
 - Level 1.7 Throwing
 + Level 18.4 Armour
 - Level 12.2 Dodging
 + Level 2.8 Invocations


You had 19 spell levels left.
You didn't know any spells.
Your spell library contained the following spells:

 Spells                   Type           Power        Failure   Level  Hunger
 Beastly Appendage        Tmut           #.....       93%         1    ##.....
 Flame Tongue             Conj/Fire      #....        93%         1    ##.....
 Freeze                   Ice            #...         93%         1    ##.....
 Magic Dart               Conj           #...         93%         1    ##.....
 Sandblast                Erth           #.....       93%         1    ##.....
 Shock                    Conj/Air       #...         93%         1    ##.....
 Blink                    Tloc           N/A          98%         2    ###....
 Passwall                 Tmut/Erth      #.......     98%         2    ###....
 Searing Ray              Conj           #.....       98%         2    ###....
 Shroud of Golubria       Chrm/Tloc      #.........   98%         2    ###....
 Sticks to Snakes         Tmut           #.......     98%         2    ###....
 Swiftness                Chrm/Air       #.......     98%         2    ###....
 Throw Flame              Conj/Fire      #.....       98%         2    ###....
 Throw Frost              Conj/Ice       #.....       98%         2    ###....
 Conjure Flame            Conj/Fire      #.......     100%        3    ####...
 Dazzling Spray           Conj/Hex       #.....       100%        3    ####...
 Gell's Gravitas          Tloc           #.........   100%        3    ####...
 Ignite Poison            Fire/Tmut/Pois #.......     100%        3    ####...
 Inner Flame              Hex/Fire       #.......     100%        3    ####...
 Lesser Beckoning         Tloc           #.........   100%        3    ####...
 Ozocubu's Armour         Chrm/Ice       #.......     100%        3    ####...
 Portal Projectile        Hex/Tloc       #.....       100%        3    ####...
 Spectral Weapon          Hex/Chrm       #.......     100%        3    ####...
 Spider Form              Tmut/Pois      #.........   100%        3    ####...
 Static Discharge         Conj/Air       #.......     100%        3    ####...
 Stone Arrow              Conj/Erth      #.....       100%        3    ####...
 Teleport Other           Tloc           #.......     100%        3    ####...
 Airstrike                Air            #.........   100%        4    #####..
 Force Lance              Conj/Tloc      #.......     100%        4    #####..
 Fulminant Prism          Conj/Hex       #.........   100%        4    #####..
 Ice Form                 Ice/Tmut       #.......     100%        4    #####..
 Iskenderun's Mystic Bla  Conj           #.......     100%        4    #####..
 Passage of Golubria      Tloc           N/A          100%        4    #####..
 Petrify                  Tmut/Erth      #.......     100%        4    #####..
 Sticky Flame             Conj/Fire      #.......     100%        4    #####..
 Summon Ice Beast         Ice/Summ       #.......     100%        4    #####..
 Summon Lightning Spire   Summ/Air       #.......     100%        4    #####..
 Throw Icicle             Conj/Ice       #.......     100%        4    #####..
 Alistair's Intoxication  Tmut/Pois      #.......     100%        5    ######.
 Blade Hands              Tmut           #.........   100%        5    ######.
 Bolt of Magma            Conj/Fire/Erth #.........   100%        5    ######.
 Fireball                 Conj/Fire      #.........   100%        5    ######.
 Irradiate                Conj/Tmut      #.........   100%        5    ######.
 Iskenderun's Battlesphe  Conj/Chrm      #.......     100%        5    ######.
 Lee's Rapid Deconstruct  Erth           #.........   100%        5    ######.
 Lightning Bolt           Conj/Air       #.........   100%        5    ######.
 Metabolic Englaciation   Hex/Ice        #.........   100%        5    ######.
 Silence                  Hex/Air        #.........   100%        5    ######.
 Venom Bolt               Conj/Pois      #.........   100%        5    ######.
 Yara's Violent Unravell  Hex/Tmut       #.........   100%        5    ######.
 Bolt of Cold             Conj/Ice       #.........   100%        6    #######
 Conjure Ball Lightning   Conj/Air       #.........   100%        6    #######
 Deflect Missiles         Chrm/Air       #.........   100%        6    #######
 Freezing Cloud           Conj/Ice/Air   #.........   100%        6    #######
 Iron Shot                Conj/Erth      #.........   100%        6    #######
 Ozocubu's Refrigeration  Ice            #.........   100%        6    #######
 Simulacrum               Ice/Necr       #.........   100%        6    #######
 Orb of Destruction       Conj           #.........   100%        7    #######
 Spellforged Servitor     Conj/Summ      #.........   100%        7    #######
 Tornado                  Air            #.........   100%        9    #######
 Sublimation of Blood     Necr           Unusable     N/A         2    N/A

Dungeon Overview and Level Annotations

Branches:
Dungeon (15/15)            Temple (0/1) D:7            Lair (6/6) D:11
 Shoals (4/4) Lair:4        Snake (4/4) Lair:4        Slime (0/5) Lair:6
    Orc (2/2) D:9             Elf (0/3) Orc:2        Vaults (2/5) D:14
 Depths (0/5) D:15
  Crypt: Vaults:2-3

Altars:
Ashenzari
Dithmenos
Hepliaklqana
Okawaru
Ru
Xom
The Shining One
Beogh

Shops:
D:14 !   Orc:1 %   Orc:2 %![*   Shoals:3 [   Snake:2 }=}

Portals:
Trove: D:13 (give 6 scrolls of blinking)
Desolation: Vaults:2

Annotations:
D:10 3 runed translucent doors, guttsta's ghost, journeyman GnWn
Shoals:3 exclusion: 2 oklob plants
Snake:1 2 transporters
Snake:2 2 transporters, Akuuror's ghost, adept GrFi


Innate Abilities, Weirdness & Mutations

You are resistant to torment.
Your stone body is resilient. (AC +15)
You are immune to poison.
Your large and strong wings let you fly indefinitely.
You resist negative energy. (rN+)
You are resistant to electric shocks. (rElec)
You can survive without breathing.
You are immune to petrification.
You are immune to rotting.


Message History

The yaktaur captain shoots a bolt.
The bolt hits you!
The acid dragon bites you but does no damage.
The acid dragon claws you but does no damage.
The yaktaur captain wields a +1 arbalest of flaming.
It bursts into flame!
The yaktaur captain shoots a bolt.
The bolt misses you.
The ironbrand convoker points at the yaktaur and mumbles some strange words.
The yaktaur seems to grow stronger.
The yaktaur captain shoots a bolt.
The bolt barely misses you.
The bolt barely misses the acid dragon.
You feel like a meek peon again.
You are no longer corroded.
The cyclops throws a large rock.
The large rock hits you but does no damage.
The acid dragon spits acid at you. The splash of acid hits you.
You are splashed with acid!
The yaktaur captain shoots a bolt.
The bolt is repelled.
Things that are here:
a large rock; 3 bolts You bludgeon the orc knight!!
The orc knight barely misses you.
The cyclops throws a large rock.
The large rock hits you but does no damage.
You thump the orc knight!
The yaktaur captain unwields a +0 arbalest.
The yaktaur captain hits you!!
* * * LOW HITPOINT WARNING * * *
As you read the scroll of teleportation {@r4}, it crumbles to dust.
You feel strangely unstable.
The ironbrand convoker hits you but does no damage.
The acid dragon closely misses you.
The acid dragon claws you but does no damage.
The orc knight closely misses you.
The yaktaur captain shoots a bolt.
The bolt hits you!
* * * LOW HITPOINT WARNING * * *
You sock the yaktaur captain!
The yaktaur captain hits you but does no damage.
The acid dragon bites you but does no damage.
The acid dragon closely misses you.
The ironbrand convoker gestures at the yaktaur while chanting.
The yaktaur seems to grow stronger.
The orc knight hits you but does no damage.
You bludgeon the yaktaur captain!!
The cyclops throws a large rock.
The large rock hits you.
* * * LOW HITPOINT WARNING * * *
The yaktaur captain closely misses you.
The yaktaur captain shoots a bolt.
The bolt hits you!!
* * * LOW HITPOINT WARNING * * *
The bolt burns you.
* * * LOW HITPOINT WARNING * * *
The acid dragon spits acid at you.
The splash of acid hits you but does no damage.
The acid corrodes you!
You are splashed with acid!
You die...

#....§§§§§§§.#
#...§§.§§§§§§#
#..§§§.§§§§.§#
######§§§§§§§#
##§#§####
#§§§#
########c##
#.....cpc#
#...C.@###
#...cDo#
#...(..#
#..((..#
#.()(.)#
##'##### #.(
#.. #.


You could see 2 yaktaur captains, an orc knight, a cyclops, an ironbrand
convoker, 2 yaktaurs and an acid dragon.

Vanquished Creatures
  Mara (Snake:4)
  Rupert (Lair:6)
  A kraken (Shoals:4)
  Kirke (Lair:6)
  6 nagarajas
  Ilsuiw (Shoals:2)
  Aizul (Snake:4)
  3 vault wardens (Vaults:1)
  2 orc warlords
  A very ugly thing (Vaults:2)
  6 ironheart preservers (Vaults:1)
  An entropy weaver (Vaults:2)
  A minotaur (Gauntlet)
  Snorg (Lair:6)
  4 merfolk javelineers
  An ettin (Vaults:1)
  5 merfolk impalers
  A great orb of eyes (shapeshifter) (Vaults:1)
  A great orb of eyes (Vaults:1)
  2 yaktaur captains
  Erolcha (Orc:1)
  Harold (D:7)
  3 rakshasas
  12 naga warriors
  7 vault guards
  6 hydras
  2 alligator snapping turtles
  Erica (D:9)
  7 centaur warriors
  9 merfolk avatars
  4 merfolk aquamancers
  23 two-headed ogres
  A tengu warrior (D:14)
  17 anacondas
  2 death knights
  2 satyrs
  2 catoblepae
  6 ogre magi (Vaults:1)
  4 orc high priests (Orc:2)
  13 naga sharpshooters
  7 shock serpents
  7 salamander mystics
  4 unseen horrors
  12 sea snakes
  A glowing orange brain (D:15)
  An unseen horror (shapeshifter) (D:13)
  3 deep trolls (Vaults:1)
  3 naga ritualists
  5 harpies (Shoals:3)
  A wizard (Vaults:1)
  A phantasmal warrior (D:14)
  4 lindwurms (Snake:4)
  4 ugly things
  7 ironbrand convokers
  16 fauns
  2 wolf spiders (Vaults:1)
  6 orc sorcerers
  9 mana vipers (Snake:4)
  10 orc knights
  A shining eye (shapeshifter) (Vaults:1)
  3 deep elf magi (D:14)
  15 manticores
  An oklob plant (Lair:3)
  11 elephants (Lair:6)
  13 salamanders
  A moth of wrath (Gauntlet)
  7 merfolk sirens
  8 cyclopes
  5 water nymphs
  4 vault sentinels
  9 guardian serpents
  27 black mambas
  4 centaur skeletons
  27 naga magi
  9 spiny frogs
  A gargoyle (D:14)
  4 komodo dragons
  2 rime drakes
  4 freezing wraiths
  A yaktaur (shapeshifter) (D:15)
  2 efreet (D:14)
  5 yaktaurs
  10 polar bears
  10 trolls
  A jumping spider (Vaults:2)
  6 hornets
  Grinder (D:5)
  20 merfolk
  3 saltlings (Vaults:2)
  10 snapping turtles
  9 blink frogs (Lair:5)
  12 slime creatures
  12 hippogriffs
  A stone giant simulacrum (Vaults:1)
  8 dream sheep
  6 wind drakes
  A centaur simulacrum (D:11)
  6 wyverns
  A redback (shapeshifter) (D:15)
  7 water elementals
  3 wraiths
  A redback (Vaults:2)
  12 yaks
  6 hogs (Lair:6)
  A golden eye (shapeshifter) (D:15)
  2 hungry ghosts
  A steam dragon (D:9)
  4 vampire mosquitoes (D:12)
  37 nagas
  Edmund (D:3)
  6 wargs
  8 acid dragons
  15 water moccasins
  6 porcupines
  10 black bears
  43 orc warriors
  4 phantoms
  5 sky beasts
  2 eyes of draining
  27 ogres
  9 ice beasts
  2 necrophages (D:14)
  15 wolves
  36 centaurs
  10 crocodiles
  3 big kobolds (D:9)
  16 bullfrogs
  3 wyvern skeletons
  6 scorpions
  14 wights
  6 electric eels
  3 howler monkeys
  6 crimson imps
  3 centaur zombies
  A bullfrog zombie (D:13)
  8 hounds
  3 jellies
  29 orc priests
  3 bullfrog skeletons
  4 iguanas
  34 orc wizards
  6 worker ants
  Ijyb (D:5)
  A bullfrog simulacrum (D:11)
  2 hound skeletons
  A worker ant zombie (D:8)
  8 gnolls
  A howler monkey skeleton (D:5)
  14 adders
  3 shadow imps
  2 worker ant simulacra (D:11)
  An ooze (D:1)
  2 adder skeletons
  3 adder zombies
  4 worms
  5 leopard geckos
  107 orcs
  3 ball pythons
  3 bats (D:1)
  2 giant cockroaches
  8 goblins
  7 hobgoblins
  19 jackals
  9 kobolds
  4 quokkas
  3 frilled lizards
  A leopard gecko skeleton (D:6)
  4 rats
  A tentacle (Shoals:4)
1188 creatures vanquished.

Vanquished Creatures (others)
  A naga warrior (Snake:4)
  A shadow wraith (Vaults:2)
  A black mamba (Snake:3)
  A naga (Snake:2)
  A gnoll (D:6)
  10 fungi (Lair:6)
  25 plants
  11 tentacles (Shoals:4)
51 creatures vanquished.

Grand Total: 1239 creatures vanquished

Notes
Turn   | Place    | Note
-------+----------+-------------------------------------------
     0 | D:1      | Norn the Gargoyle Gladiator began the quest for the Orb.
     0 | D:1      | Reached XP level 1. HP: 12/12 MP: 1/1
    79 | D:1      | Reached XP level 2. HP: 10/18 MP: 2/2
   630 | D:1      | Reached skill level 1 in Armour
   797 | D:1      | Reached XP level 3. HP: 22/22 MP: 3/3
  1557 | D:2      | Reached XP level 4. HP: 10/27 MP: 4/4
  2414 | D:3      | Found a shadowy altar of Dithmenos.
  2415 | D:3      | Found a shattered altar of Ashenzari.
  2415 | D:3      | Found an iron altar of Okawaru.
  2461 | D:3      | Became a worshipper of Warmaster Okawaru
  2867 | D:4      | Reached XP level 5. HP: 17/32 MP: 5/5
  3072 | D:4      | Noticed a phantom
  3082 | D:4      | Killed a phantom
  3082 | D:4      | Reached skill level 5 in Maces & Flails
  3241 | D:4      | Reached XP level 6. HP: 22/38 MP: 6/6
  3998 | D:5      | Entered Level 5 of the Dungeon
  4023 | D:5      | Noticed Edmund
  4406 | D:3      | Killed Edmund
  4406 | D:3      | Reached * piety under Okawaru
  4406 | D:3      | Reached XP level 7. HP: 38/44 MP: 7/7
  4527 | D:5      | Noticed Grinder
  4546 | D:5      | Killed Grinder
  4546 | D:5      | Reached skill level 5 in Fighting
  4567 | D:5      | Reached XP level 8. HP: 26/49 MP: 8/8
  4732 | D:5      | Reached ** piety under Okawaru
  4828 | D:5      | Noticed Ijyb
  4874 | D:5      | Killed Ijyb
  4874 | D:5      | Reached skill level 5 in Armour
  5663 | D:5      | Reached *** piety under Okawaru
  5781 | D:5      | Reached XP level 9. HP: 45/56 MP: 9/9
  6361 | D:7      | Found a staircase to the Ecumenical Temple.
  6416 | D:7      | Found a hazy altar of Hepliaklqana.
  6564 | D:7      | Noticed Harold
  6614 | D:7      | Killed Harold
  7004 | D:7      | Found a glowing golden altar of the Shining One.
  7068 | D:7      | Reached **** piety under Okawaru
  7236 | D:8      | Reached skill level 10 in Maces & Flails
  7288 | D:8      | Got a transparent cloak
  7307 | D:8      | Identified the +2 cloak of Plasticity {rN+ Str+3} (You
                  | found it on level 8 of the Dungeon)
  7341 | D:8      | Received a gift from Okawaru
  7369 | D:8      | Reached XP level 10. HP: 57/64 MP: 10/10
  8043 | D:8      | Reached ***** piety under Okawaru
  8072 | D:8      | Found the brooch of Shielding {Reflect SH+8}
  8196 | D:9      | Noticed Psyche
  8198 | D:9      | Noticed Psyche
  8198 | D:9      | Psyche changed into Psyche the steam dragon
  8207 | D:9      | Killed Psyche the steam dragon
  9014 | D:9      | Found a staircase to the Orcish Mines.
  9078 | D:9      | Noticed Erica
  9092 | D:9      | Killed Erica
  9092 | D:9      | Reached XP level 11. HP: 71/71 MP: 8/11
  9259 | D:9      | Noticed a two-headed hydra
  9268 | D:9      | Killed a two-headed hydra
  9380 | D:10     | Entered Level 10 of the Dungeon
  9452 | D:10     | Reached ****** piety under Okawaru
  9455 | D:10     | Found a runed translucent gate.
  9457 | D:10     | Found a runed translucent gate.
  9460 | D:10     | Found a runed translucent gate.
  9608 | D:10     | Noticed guttsta's ghost (journeyman GnWn)
 10077 | D:11     | Found a gate leading to a gauntlet.
 10091 | Gauntlet | Entered a Gauntlet
 10091 | Gauntlet | Found a transporter.
 10114 | Gauntlet | Noticed a moth of wrath
 10122 | Gauntlet | Found a transporter.
 10125 | Gauntlet | Found a transporter.
 10131 | Gauntlet | Noticed an oklob plant
 10133 | Gauntlet | Found a transporter.
 10135 | Gauntlet | Found a transporter.
 10144 | Gauntlet | Found a transporter.
 10160 | Gauntlet | Found a transporter.
 10160 | Gauntlet | Noticed a balrug
 10170 | Gauntlet | Found a transporter.
 10183 | Gauntlet | Found a transporter.
 10195 | Gauntlet | Found a transporter.
 10205 | Gauntlet | Noticed an obsidian statue
 10208 | Gauntlet | Found a transporter.
 10208 | Gauntlet | Found a transporter.
 10253 | Gauntlet | Noticed a thrashing horror
 10254 | Gauntlet | Noticed a thrashing horror
 10255 | Gauntlet | Found a transporter.
 10273 | Gauntlet | Found a transporter.
 10371 | Gauntlet | Killed a moth of wrath
 10371 | Gauntlet | Received a gift from Okawaru
 10383 | Gauntlet | Reached skill level 10 in Fighting
 10435 | Gauntlet | Got a pair of ancient boots
 10442 | Gauntlet | Identified the cursed +0 pair of boots of Grace {Str-2
                  | Dex+7 Slay+3} (You found it in a Gauntlet)
 10779 | Gauntlet | Identified the +4 broad axe "Tuam Lucopp" {flame, Dex+4}
 10779 | Gauntlet | Noticed a minotaur
 10789 | Gauntlet | Killed a minotaur
 10789 | Gauntlet | Reached skill level 10 in Armour
 11017 | Gauntlet | Identified the Reference Book on the Oath
 11205 | D:11     | Got a slimy long sword
 11287 | D:11     | Noticed a two-headed ogre
 11327 | D:11     | Received a gift from Okawaru
 11687 | D:11     | Found a staircase to the Lair.
 11762 | D:11     | Killed an unseen horror
 11762 | D:11     | Received a gift from Okawaru
 11762 | D:11     | Received a gift from Okawaru
 11762 | D:11     | Reached XP level 12. HP: 44/78 MP: 12/12
 11993 | D:11     | Noticed a two-headed ogre
 12001 | D:11     | Killed a two-headed ogre
 12329 | D:11     | Killed a two-headed ogre
 12329 | D:11     | Reached skill level 5 in Dodging
 12482 | Lair:1   | Entered Level 1 of the Lair of Beasts
 13106 | Lair:2   | Noticed a seven-headed hydra
 13115 | Lair:2   | Killed a seven-headed hydra
 13298 | Lair:2   | Noticed a six-headed hydra
 13329 | Lair:2   | Killed a six-headed hydra
 14414 | Lair:3   | Noticed a six-headed hydra
 14425 | Lair:3   | Killed a six-headed hydra
 14425 | Lair:3   | Received a gift from Okawaru
 15259 | Lair:4   | Found a staircase to the Snake Pit.
 15342 | Lair:4   | Reached XP level 13. HP: 80/85 MP: 13/13
 15518 | Lair:4   | Reached skill level 15 in Maces & Flails
 15735 | Lair:4   | Found a staircase to the Shoals.
 16384 | Lair:5   | Received a gift from Okawaru
 16415 | Lair:5   | Received a gift from Okawaru
 16418 | Lair:5   | Identified the +6 triple sword "Ogreslayer" {drain, rN+}
                  | (Okawaru gifted it to you on level 5 of the Lair of Beasts)
 16636 | Lair:6   | Entered Level 6 of the Lair of Beasts
 16784 | Lair:6   | Noticed Rupert
 16815 | Lair:6   | Killed Rupert
 16887 | Lair:6   | Noticed Snorg
 16909 | Lair:6   | Killed Snorg
 17314 | Lair:6   | Received a gift from Okawaru
 17315 | Lair:6   | Found the +0 Maxwell's etheric cage {RegenMP+ *Contam rElec
                  | MP+4}
 17786 | Lair:6   | Gained mutation: Your large and strong wings let you fly
                  | indefinitely. [Gargoyle growth]
 17786 | Lair:6   | Reached XP level 14. HP: 87/92 MP: 14/14
 17989 | Lair:6   | Reached skill level 10 in Dodging
 18014 | Lair:6   | Noticed Kirke
 18328 | Lair:6   | Killed Kirke
 18328 | Lair:6   | Received a gift from Okawaru
 18961 | Lair:6   | Found a staircase to the Slime Pits.
 19451 | Orc:1    | Entered Level 1 of the Orcish Mines
 19459 | Orc:1    | Found Quek's Food Boutique.
 19533 | Orc:1    | Noticed Erolcha
 19541 | Orc:1    | Killed Erolcha
 19937 | Orc:2    | Entered Level 2 of the Orcish Mines
 20097 | Orc:2    | Received a gift from Okawaru
 20429 | Orc:2    | Identified the ring of Wookkitz {rElec rPois rF+ Str-3}
                  | (You found it on level 2 of the Orcish Mines)
 20594 | Orc:2    | Found a staircase to the Elven Halls.
 20813 | Orc:2    | Noticed an orc warlord
 21371 | D:9      | Killed an orc warlord
 21617 | Orc:2    | Found a roughly hewn altar of Beogh.
 21642 | Orc:2    | Noticed an orc warlord
 21664 | Orc:2    | Killed an orc warlord
 21773 | Orc:2    | Found Qowi's General Store.
 21806 | Orc:2    | Found Wuffa's Antique Armour Shoppe.
 21827 | Orc:2    | Bought a pair of steaming boots for 323 gold pieces
 21827 | Orc:2    | Identified the +0 pair of boots of Gravity {-Cast +Blink
                  | Dex+7} (You bought it in a shop on level 2 of the Orcish
                  | Mines)
 21927 | Orc:2    | Paralysed by an orc sorcerer for 3 turns
 22133 | Orc:2    | Received a gift from Okawaru
 22135 | Orc:2    | Found Mauphots's Food Emporium.
 22167 | Orc:2    | Found a roughly hewn altar of Beogh.
 22182 | Orc:2    | Got an iridescent dire flail {god gift}
 22230 | Orc:2    | Bought a scroll of identify for 26 gold pieces
 22230 | Orc:2    | Identified the +1 dire flail "Icreuts" {crush, Dex+2}
                  | (Okawaru gifted it to you on level 2 of the Orcish Mines)
 22298 | Orc:2    | Reached XP level 15. HP: 100/100 MP: 15/15
 22399 | Orc:2    | Found Xicin's Distillery.
 22737 | Orc:2    | Bought a scroll of acquirement for 676 gold pieces
 22737 | Orc:2    | Bought a scroll of acquirement for 676 gold pieces
 22741 | Orc:2    | Got a bound amethyst amulet
 23265 | Lair:3   | Identified the amulet "Losism" {+Rage Str+3} (You acquired
                  | it on level 2 of the Orcish Mines)
 23529 | Snake:1  | Entered Level 1 of the Snake Pit
 23760 | Snake:1  | Found a transporter.
 23911 | Snake:1  | Received a gift from Okawaru
 24013 | Snake:1  | Found a sacrificial altar of Ru.
 24049 | Snake:1  | Found a transporter.
 24238 | Snake:2  | Received a gift from Okawaru
 24942 | Snake:2  | Got a distressingly furry ring mail {god gift}
 25580 | Snake:2  | Got a warped ruby amulet
 25616 | Snake:2  | Found a transporter.
 25651 | Snake:2  | Noticed Akuuror's ghost (adept GrFi)
 25660 | Snake:2  | Found a transporter.
 25831 | Snake:2  | Found Ruutyju's Gadget Emporium.
 25831 | Snake:2  | Found Zeafog's Jewellery Shop.
 25832 | Snake:2  | Found Zekoza Gyng's Gadget Emporium.
 25915 | Snake:2  | Received a gift from Okawaru
 25921 | Snake:2  | Got tiger eye-encrusted pearl dragon scales {god gift}
 26021 | Snake:3  | Noticed a nagaraja
 26036 | Snake:3  | Killed a nagaraja
 26150 | Snake:2  | Reached skill level 15 in Fighting
 26299 | Snake:3  | Reached XP level 16. HP: 97/108 MP: 16/16
 26853 | Snake:3  | Identified the cursed +3 war axe of Urhinoch {freeze, Str+3
                  | Dex+6}
 27302 | Snake:4  | Entered Level 4 of the Snake Pit
 27328 | Snake:4  | Received a gift from Okawaru
 27862 | Snake:4  | Noticed Mara
 28891 | Snake:4  | Noticed Norn's illusion
 29389 | Snake:4  | Noticed Norn's illusion
 29653 | Snake:4  | Killed Mara
 29779 | Snake:4  | Received a gift from Okawaru
 29833 | Snake:4  | Noticed Aizul
 29844 | Snake:4  | Killed Aizul
 30069 | Snake:4  | Noticed a nagaraja
 30086 | Snake:4  | Killed a nagaraja
 30731 | Snake:4  | Noticed a nagaraja
 30756 | Snake:4  | Killed a nagaraja
 30756 | Snake:4  | Received a gift from Okawaru
 30919 | Snake:4  | Noticed a nagaraja
 30919 | Snake:4  | Noticed a nagaraja
 30939 | Snake:4  | Killed a nagaraja
 30954 | Snake:4  | Killed a nagaraja
 30954 | Snake:4  | Reached XP level 17. HP: 23/115 MP: 17/17
 31612 | Snake:4  | Received a gift from Okawaru
 32295 | Snake:4  | Got a serpentine rune of Zot
 32709 | D:12     | Found a shattered altar of Ashenzari.
 32751 | D:12     | Got a vibrating granite ring
 33382 | D:13     | Identified the ring "Rorupn" {Ice Int+4} (You acquired it
                  | on level 12 of the Dungeon)
 33405 | D:13     | Identified the amulet of Vamiel {*Contam +Rage rElec Str+4}
                  | (You found it on level 2 of the Snake Pit)
 33407 | D:13     | Identified the +9 pearl dragon scales "Wodel" {rPois rF+
                  | rN+ Str+2 Int+4} (Okawaru gifted it to you on level 2 of
                  | the Snake Pit)
 33525 | D:13     | Found a portal to a secret trove of treasure.
 33609 | D:13     | Received a gift from Okawaru
 34011 | D:14     | Found Pihaed's Distillery.
 34119 | D:14     | Found a shimmering altar of Xom.
 34388 | D:14     | You are sucked into a shaft!
 34388 | D:15     | Entered Level 15 of the Dungeon
 34559 | D:15     | Got a dazzling whip
 34714 | D:15     | Found a shimmering altar of Xom.
 34715 | D:15     | Found a shimmering altar of Xom.
 34718 | D:15     | Found a shimmering altar of Xom.
 34718 | D:15     | Found a shimmering altar of Xom.
 34939 | D:15     | Found a staircase to the Depths.
 35110 | D:15     | Found a shimmering altar of Xom.
 35114 | D:15     | Found a shimmering altar of Xom.
 35122 | D:15     | Found a shimmering altar of Xom.
 35189 | D:14     | Reached XP level 18. HP: 124/124 MP: 18/18
 35299 | D:14     | Found a gate to the Vaults.
 35398 | D:14     | Reached skill level 15 in Armour
 35753 | Shoals:1 | Entered Level 1 of the Shoals
 36257 | Shoals:1 | Received a gift from Okawaru
 37129 | Shoals:2 | Noticed Ilsuiw
 37180 | Shoals:2 | Killed Ilsuiw
 38478 | Shoals:3 | Received a gift from Okawaru
 38871 | Shoals:3 | Found Haupraups's Armour Shop.
 38901 | Shoals:3 | Bought a +2 pair of gloves of dexterity for 365 gold pieces
 39324 | Shoals:4 | Entered Level 4 of the Shoals
 40313 | Shoals:4 | Received a gift from Okawaru
 40471 | Shoals:4 | Reached XP level 19. HP: 68/133 MP: 19/19
 41702 | Shoals:4 | Got a barnacled rune of Zot
 41938 | Vaults:1 | Entered Level 1 of the Vaults
 42222 | Vaults:1 | Received a gift from Okawaru
 43022 | Vaults:1 | Found the +6 lightning scales {run, rElec}
 44067 | Vaults:1 | Received a gift from Okawaru
 44302 | Vaults:1 | Reached skill level 1 in Invocations
 44955 | Vaults:2 | Found a ruined gateway.
 44957 | Vaults:2 | Reached XP level 20. HP: 138/142 MP: 21/21
 45037 | Vaults:2 | Splashed by an acid dragon's acid

Skill      XL: |  1  2  3  4  5  6  7  8  9 10 11 12 13 14 15 16 17 18 19 |
---------------+----------------------------------------------------------+-----
Armour         | 1 2 3 4 6 7 9 10 12 14 16 18 | 18.4
Maces & Flails | 4 5 6 8 10 11 13 14 16 17 18 19 20 | 20.0
Fighting       | 3 4 5 6 7 9 10 11 12 14 15 16 17 19 20 | 20.7
Dodging        | 4 7 9 11 12 | 12.2
Invocations    | 2 |  2.8
Throwing       | |  1.7

Action                   |  1- 3 |  4- 6 |  7- 9 | 10-12 | 13-15 | 16-18 | 19-21 || total
-------------------------+-------+-------+-------+-------+-------+-------+-------++-------
Melee: Flail             |   139 |   153 |   252 |   674 |  1033 |       |       ||  2251
       Punch             |       |       |     1 |     3 |     5 |       |       ||     9
       Dire flail        |       |       |       |       |   435 |   197 |       ||   632
       Unarmed           |       |       |       |       |     1 |       |       ||     1
       Great mace        |       |       |       |       |       |  1349 |   594 ||  1943
 Fire: Blowgun           |       |       |     5 |     7 |       |       |       ||    12
Invok: Heroism           |       |       |     3 |     8 |    13 |    20 |     9 ||    53
       Finesse           |       |       |       |       |       |     1 |       ||     1
 Abil: Fly               |       |       |       |       |     1 |       |       ||     1
Evoke: Wand              |       |     5 |     5 |    25 |    15 |     1 |       ||    51
  Use: Scroll            |       |    12 |     3 |    14 |    18 |    13 |     7 ||    67
       Potion            |       |       |       |     2 |     1 |     2 |       ||     5
 Stab: Invisible         |       |       |       |     2 |       |       |       ||     2
       Distracted        |       |       |       |       |       |     1 |       ||     1
  Eat: Chunk             |     2 |     8 |     8 |    21 |    24 |    33 |    12 ||   108
       Ration            |       |       |     1 |     2 |     3 |     4 |     1 ||    11
Armor: Leather armour    |    62 |    49 |       |       |       |       |       ||   111
       Scale mail        |       |    19 |       |       |       |       |       ||    19
       Chain mail        |       |       |   211 |   257 |       |       |       ||   468
       Plate armour      |       |       |       |   152 |   538 |   873 |   351 ||  1914
       Crystal plate arm |       |       |       |   242 |   435 |       |       ||   677
       Pearl dragon scal |       |       |       |       |       |   196 |       ||   196
Dodge: Dodged            |   119 |   113 |   140 |   318 |   917 |  1192 |   430 ||  3229
       Deflected         |       |       |       |       |       |    63 |    26 ||    89
